 Dungeon Crawl Stone Soup version 0.16-a0-3593-g1073268 (webtiles) character file.

273 Stone the Slasher (level 6, -2/42 HPs)
             Began as an Octopode Fighter on Jan 11, 2015.
             Slain by Phlounder's ghost (6 damage)
             ... on level 4 of the Dungeon.
             The game lasted 00:09:10 (2961 turns).

Stone the Slasher (Octopode Fighter)                Turns: 2961, Time: 00:09:10

Health: -2/42      AC:  5    Str: 15    XL:     6   Next: 23%
Magic:  6/6        EV: 11    Int: 10    God:
Gold:   164        SH: 10    Dex: 14    Spells: 0 memorised, 5 levels left

rFire  . . .     SeeInvis .     a - +1 long sword
rCold  + . .     Clarity  .     c - +1 shield
rNeg   . . .     SustAb   .     (helmet restricted)
rPois  .         Gourm    .     (no amulet)
rElec  .         Spirit   .     l - +4 ring of protection
rCorr  .         Warding  .     r - ring of teleport control
rMut   .         Stasis   .     s - ring of protection from cold
MR     .....                    (no ring)
Stlth  ++........               (no ring)
                                (no ring)
                                (no ring)
                                (no ring)

@: not resistant to hostile enchantments, unstealthy
A: almost no armour, amphibious, 8 rings, constrict 8, camouflage 1, gelatinous
body 1
a: Evoke Teleport Control


You were on level 4 of the Dungeon.
You were hungry.

You visited 1 branch of the dungeon, and saw 4 of its levels.

You collected 164 gold pieces.

Inventory:

Hand weapons
 a - a +1 long sword (weapon)
 g - a +0 giant club
Armour
 c - a +1 shield (worn)
Jewellery
 l - a +4 ring of protection (left tentacle)
 r - a ring of teleport control (right tentacle)
 s - a ring of protection from cold (on tentacle)
Scrolls
 j - a scroll of amnesia
 o - 2 scrolls of magic mapping
 w - 3 scrolls of teleportation
Potions
 b - 4 potions of curing
 e - 3 potions of might
 f - 2 potions of heal wounds
 h - a potion of cancellation
 n - a potion of lignification {unknown}
 u - a potion of poison
 x - a potion of resistance {unknown}
 z - a potion of agility
Books
 y - a book of Control

   Spells                             Type                      Level
   a - Control Teleport               Charms/Translocation         4
   b - Control Undead                 Necromancy                   4
   c - Enslavement                    Hexes                        4
   d - Metabolic Englaciation         Hexes/Ice                    5
   e - Mass Confusion                 Hexes                        6
Comestibles
 d - 3 bread rations
 t - 2 fruits
 A - a beef jerky


   Skills:
 - Level 3.0 Fighting
 + Level 6.4 Long Blades
 - Level 3.0 Dodging
 - Level 3.0 Shields


You had 5 spell levels left.
You didn't know any spells.

Dungeon Overview and Level Annotations

Branches:
Dungeon (4/15)
 Temple: D:4-7

Altars:
Ru

Annotations:
D:4 Phlounder's ghost, average FoSk


Innate Abilities, Weirdness & Mutations

You cannot wear most types of armour.
You are amphibious.
You can wear up to eight rings at the same time.
You can use your tentacles to constrict many enemies at once.
Your skin changes colour to match your surroundings (Stealth).
Your rubbery body absorbs attacks (AC +1).


Message History

Phlounder's ghost is moderately damaged.
Phlounder's ghost hits you but does no damage.
You closely miss Phlounder's ghost. You squeeze Phlounder's ghost!
Phlounder's ghost is moderately damaged.
Phlounder's ghost hits you but does no damage.
You hit Phlounder's ghost but do no damage.
Phlounder's ghost is moderately damaged.
Phlounder's ghost hits you!
You hit Phlounder's ghost but do no damage.
Phlounder's ghost is moderately damaged.
You block Phlounder's ghost's attack. Phlounder's ghost hits you!
* * * LOW HITPOINT WARNING * * *
You slash Phlounder's ghost!
Phlounder's ghost is heavily damaged.
Phlounder's ghost hits you.
* * * LOW HITPOINT WARNING * * *
You hit Phlounder's ghost but do no damage.
Phlounder's ghost is heavily damaged.
Phlounder's ghost hits you.
You die...

#.###.########
#.(...##
####...##
##.....##
##.......##
#.........#
+..†.[....+
#.........#
##.@.....##
##W....##
##...## #'##
.# .# .. .


You could see Phlounder's ghost.

Vanquished Creatures
  An ogre (D:4)
  A giant frog skeleton (D:3)
  Ijyb (D:3)
  Jessica (D:3)
  3 adders
  A giant mite (D:1)
  2 oozes (D:3)
  2 orcs (D:3)
  2 ball pythons
  12 bats
  5 giant cockroaches
  9 goblins
  7 hobgoblins
  7 jackals
  4 giant geckos
  7 giant newts
  6 kobolds
  11 rats
82 creatures vanquished.

Notes
Turn   | Place    | Note
--------------------------------------------------------------
     0 | D:1      | Stone, the Octopode Fighter, began the quest for the Orb.
     0 | D:1      | Reached XP level 1. HP: 16/16 MP: 1/1
   306 | D:1      | Reached XP level 2. HP: 21/21 MP: 2/2
   757 | D:1      | Reached XP level 3. HP: 22/26 MP: 3/3
  1485 | D:2      | Reached skill level 4 in Long Blades
  1530 | D:2      | Reached XP level 4. HP: 29/31 MP: 4/4
  1771 | D:2      | Found a sacrificial altar of Ru.
  2074 | D:3      | Noticed Jessica
  2078 | D:3      | Killed Jessica
  2162 | D:3      | Reached skill level 5 in Long Blades
  2162 | D:3      | Reached XP level 5. HP: 36/36 MP: 5/5
  2404 | D:3      | Noticed Ijyb
  2421 | D:3      | Killed Ijyb
  2839 | D:4      | Noticed an ogre
  2849 | D:4      | Killed an ogre
  2849 | D:4      | Reached skill level 6 in Long Blades
  2849 | D:4      | Reached XP level 6. HP: 17/42 MP: 6/6
  2949 | D:4      | Noticed Phlounder's ghost (average FoSk)
  2961 | D:4      | Slain by Phlounder's ghost

Action                   |  1- 3 |  4- 6 || total
-------------------------+-------+-------++-------
Melee: Long sword        |    85 |    95 ||   180
  Use: Scroll            |       |    12 ||    12
 Stab: Sleeping          |     7 |     3 ||    10
  Eat: Chunk             |     1 |     1 ||     2
       Pizza             |     1 |       ||     1
       Beef jerky        |       |     1 ||     1
       Fruit             |       |     1 ||     1
